 Dungeon Crawl Stone Soup version 0.23.0 (webtiles) character file.

Game seed: 14785440494200080494

9 LostNumber the Insei (level 1, 0/16 HPs)
             Began as a Demigod Transmuter on Feb 11, 2019.
             Slain by a jackal (1 damage)
             ... on level 1 of the Dungeon.
             The game lasted 00:00:29 (125 turns).

LostNumber the Insei (Demigod Transmuter)            Turns: 125, Time: 00:00:29

Health: 0/16       AC: -1    Str: 13    XL:     1   Next: 86%
Magic:  5/5        EV: 12    Int: 17    God:
Gold:   0          SH:  0    Dex: 16    Spells: 2/3 levels left

rFire    . . .     SeeInvis .     - Unarmed
rCold    . . .     Gourm    .   (no shield)
rNeg     . . .     Faith    .   b - +0 robe
rPois    .         Spirit   .   (no helmet)
rElec    .         Reflect  .   (no cloak)
rCorr    .         Harm     .   (no gloves)
MR       .....                  (boots currently unavailable)
Stlth    +.........             d - amulet of magic regeneration
HPRegen  0.05/turn              f - -3 ring of protection (curse)
MPRegen  0.34/turn              (no ring)

@: appendage (expiring)
A: talons 3, high mp 1
a: End Transformation


You were on level 1 of the Dungeon.
You were not hungry.
You had grown temporary talons.
You visited 1 branch of the dungeon, and saw 1 of its levels.

Inventory:

Missiles
 a - 12 arrows
Armour
 b - a +0 robe (worn)
 g - a cursed +0 pair of gloves
   (You found it on level 1 of the Dungeon)
Jewellery
 d - an amulet of magic regeneration (around neck)
   (You found it on level 1 of the Dungeon)
 f - a cursed -3 ring of protection (left hand)
   (You found it on level 1 of the Dungeon)
Potions
 c - a potion of mutation {unknown}
Comestibles
 e - 2 rations {!d}


   Skills:
 + Level 1.1 Fighting
 + Level 1.9 Dodging
 * Level 2.8 Unarmed Combat
 + Level 1.9 Spellcasting
 + Level 1.9 Transmutations


You had 2 spell levels left.
You knew the following spells:

 Your Spells              Type           Power        Failure   Level  Hunger
a - Beastly Appendage     Tmut           #.....       9%          1    #......

Your spell library contained the following spells:

 Spells                   Type           Power        Failure   Level  Hunger
 Sticks to Snakes         Tmut           #.......     13%         2    ###....
 Spider Form              Tmut/Pois      #.........   36%         3    ###....
 Ice Form                 Ice/Tmut       #.......     78%         4    #####..
 Blade Hands              Tmut           #.........   94%         5    ######.


Dungeon Overview and Level Annotations

Branches:
Dungeon (1/15)


Innate Abilities, Weirdness & Mutations

You have an increased reservoir of magic. (+10% MP)
You have claws for feet.


Message History

Your Fighting skill increases to level 1!
Your transformation is almost over.
You hear a shout!
You hit the ball python.
You kill the ball python!
A jackal comes into view.
You extend your transformation's duration.
A jackal comes into view. x2
The jackal barks! x2
You hit the goblin.
You kill the goblin!
Found a gold piece.
Things that are here:
a +0 club; a ball python corpse You hit the jackal.
You claw the jackal.
Your transformation is almost over.
The jackal bites you.
A jackal comes into view.
The jackal bites you.
* * * LOW HITPOINT WARNING * * *
The jackal barks!
The jackal misses you. The jackal barely misses you.
Things that are here:
a +0 club; a ball python corpse
There is a stone staircase leading down here.
You extend your transformation's duration.
The jackal closely misses you. The jackal bites you.
* * * LOW HITPOINT WARNING * * *
You hit the jackal but do no damage. The jackal misses you.
You hit the jackal but do no damage. Your kick misses the jackal.
The jackal bites you.
* * * LOW HITPOINT WARNING * * *
You barely miss the jackal. Your kick misses the jackal.
The jackal closely misses you. x2
You hit the jackal. You claw the jackal.
You kill the jackal!
Unknown command.
You hit the jackal.
You kill the jackal!
You hit the jackal but do no damage.
Your transformation is almost over.
The jackal barely misses you.
You hit the jackal.
You kill the jackal!
You hit the jackal. You claw the jackal, but do no damage.
Your punch misses the jackal. The jackal closely misses you.
You closely miss the jackal. The jackal misses you. The jackal bites you.
* * * LOW HITPOINT WARNING * * *
You hit the jackal. Your kick misses the jackal. The jackal bites you.
You die...

#.# #########.##
#..........# # #.########.#
..##### #.# #.# ......$ #.#
#(# ....... #.# #.#
.......####.##### #.#
.......).h@.....####.####.#
.......####†.?............#
....... #..#######.###.##
....... #.... ..# #.#.###
#..... ### #..# ##)#### ..#
..# ## ###


You could see a jackal.

Vanquished Creatures
  2 goblins (D:1)
  A hobgoblin (D:1)
  3 jackals (D:1)
  A ball python (D:1)
7 creatures vanquished.

Notes
Turn   | Place    | Note
-------+----------+-------------------------------------------
     0 | D:1      | LostNumber the Demigod Transmuter began the quest for the
                  | Orb.
     0 | D:1      | Reached XP level 1. HP: 15/15 MP: 5/5
   102 | D:1      | Reached skill level 1 in Fighting
   125 | D:1      | Slain by a jackal

Skill      XL: |  1 |
---------------+----+-----
Fighting       | 1 |  1.1
Dodging        | |  1.9
Unarmed Combat | |  2.8
Spellcasting   | |  1.9
Transmutations | |  1.9

Action                   || total
-------------------------++-------
Melee: Unarmed           ||    18
       Kick              ||     3
 Cast: Beastly Appendage ||     3
  Use: Scroll            ||     1
Dodge: Dodged            ||    10
